 Dungeon Crawl Stone Soup version 0.27-a0-61-g21144fbd99 (webtiles) character file.

Game seed: 14569162973080631667

43 robertstho the Skirmisher (level 3, -1/35 HPs)
             Began as a Minotaur Abyssal Knight on Jan 8, 2021.
             Was a Follower of Lugonu.
             Slain by a gnoll
             ... wielding a +0 whip
              (8 damage)
             ... on level 2 of the Dungeon.
             The game lasted 00:01:16 (1070 turns).

robertstho the Skirmisher (Minotaur Abyssal Knight) Turns: 1070, Time: 00:01:17

Health: -1/35      AC:  5    Str: 17    XL:     3   Next: 37%
Magic:  3/3        EV: 10    Int:  9    God:    Lugonu [*.....]
Gold:   81         SH:  0    Dex:  9    Spells: 2/2 levels left

rFire    . . .     SeeInvis .   a - +1 hand axe
rCold    . . .     Faith    .   (no shield)
rNeg     . . .     Spirit   .   k - +0 ring mail
rPois    .         Reflect  .   (helmet restricted)
rElec    .         Harm     .   (no cloak)
rCorr    .         Rampage  .   (no gloves)
Will     .....                  (no boots)
Stlth    ..........             (no amulet)
HPRegen  0.11/turn              (no ring)
MPRegen  0.08/turn              (no ring)

@: no status effects
A: retaliatory headbutt, horns 2
a: Renounce Religion, Depart the Abyss


You were on level 2 of the Dungeon.
You worshipped Lugonu.
Lugonu was aware of your devotion.
You visited 1 branch of the dungeon, and saw 2 of its levels.
You visited the Abyss 1 time.

You collected 81 gold pieces.

Inventory:

Hand Weapons
 a - a +1 hand axe (weapon)
Missiles
 d - 31 stones
 e - 9 poisoned darts
 j - 4 arrows
 l - 14 sling bullets
 m - 17 bolts
Armour
 k - a +0 ring mail (worn)
Scrolls
 b - 2 scrolls of identify {unknown}
 c - 2 scrolls of amnesia {unknown}
 h - a scroll of magic mapping {unknown}
Potions
 f - a potion of lignification {unknown}
 g - 3 potions of curing {unknown}
 i - a potion of heal wounds {unknown}


   Skills:
 * Level 4.9 Fighting
 + Level 2.7 Axes
 + Level 2.7 Armour
 + Level 1.1 Dodging
 * Level 2.1 Invocations


You had 2 spell levels left.
You didn't know any spells.
Your spell library was empty.

Dungeon Overview and Level Annotations

Branches:
Dungeon (2/15)

Altars:


Innate Abilities, Weirdness & Mutations

You reflexively headbutt those who attack you in melee.
You have a pair of horns on your head.


Message History

The gnoll hits you. The gnoll closely misses you. You furiously retaliate!
You headbutt the gnoll!
You kill the gnoll!
Lugonu accepts your kill. The gnoll hits you with a +0 whip.
Things that are here:
a +0 leather armour; a +0 spear; a gnoll corpse You hit the gnoll.
Your headbutt misses the gnoll.
The gnoll is moderately wounded.
The gnoll hits you with a +0 whip.
You are too injured to fight recklessly!
You are too injured to fight recklessly!
You are too injured to fight recklessly!
You are too injured to fight recklessly!
You closely miss the gnoll. Your headbutt misses the gnoll.
The gnoll is moderately wounded.
The gnoll hits you with a +0 whip!
* * * LOW HITPOINT WARNING * * *
The gnoll hits you with a +0 whip!
You die...

.......<........#
................#
................#
................#
..........).....###.
.
###########.........
... #....#####..##
#...###.......
#.=...@g......
#######.......
....... .......
....... #######


You could see a gnoll.

Vanquished Creatures
  2 gnolls (D:2)
  A dart slug (D:1)
  2 bats
  A giant cockroach (D:1)
  5 goblins
  4 hobgoblins (D:1)
  3 kobolds (D:1)
  A rat (D:1)
19 creatures vanquished.

Notes
Turn   | Place    | Note
-------+----------+-------------------------------------------
     0 | Abyss:1  | robertstho the Minotaur Abyssal Knight began the quest for
                  | the Orb.
     0 | Abyss:1  | Reached XP level 1. HP: 19/19 MP: 1/1
    26 | Abyss:1  | Noticed a small abomination
    63 | D:1      | Escaped the Abyss
   337 | D:1      | Reached skill level 4 in Fighting
   423 | D:1      | Reached XP level 2. HP: 21/27 MP: 2/2
   677 | D:1      | Reached * piety under Lugonu
  1066 | D:2      | Reached XP level 3. HP: 30/34 MP: 3/3
  1070 | D:2      | Slain by a gnoll

Illustrated notes

Levels and vault maps discovered:
D:1:      mrwooster_arrival_statue_2, layout_loops_corners
D:2:      layout_rooms, cheibriados_altar_1, minmay_divided_ellipse,
          uniq_natasha, uniq_crazy_yiuf_cottage

Skill      XL: |  1  2 |
---------------+-------+-----
Fighting       | 4 |  4.9
Invocations    | 2 |  2.1
Axes           | |  2.7
Armour         | |  2.7
Dodging        | |  1.1

Action                   || total
-------------------------++-------
Melee: Hand axe          ||    48
       Headbutt          ||    10
Invok: Depart the Abyss  ||     1
Armor: Leather armour    ||     6
       Ring mail         ||     9
Dodge: Dodged            ||    26

Table legend: (Time is in decaauts)
 A = Elapsed time spent in this place.
 B = Non-inter-level travel time spent in this place.
 C = Inter-level travel time spent in this place.
 D = Time resting spent in this place.
 E = Time spent auto-exploring this place.
 F = Levels seen in this place.
 G = Mean time per level.
                   A        B        C        D        E       F      G
               +--------+--------+--------+--------+--------+-----+--------+
         Total |   1077 |   1050 |     27 |      0 |    878 |   3 |  359.0 |
       Dungeon |   1014 |    987 |     27 |      0 |    852 |   2 |  507.0 |
         Abyss |     63 |     63 |      0 |      0 |     26 |   1 |   63.0 |
               +--------+--------+--------+--------+--------+-----+--------+

Top non-repeatable levels by time:
     D:1: 979 daAuts
 Abyss:1: 63 daAuts
     D:2: 34 daAuts
